 Dungeon Crawl Stone Soup version 0.25-a0-782-g655279ceaa (webtiles) character file.

Game seed: 4081555826057368794, levelgen mode: deterministic

2461 Flugslaktarn the Cleaver (level 9, -5/79 HPs)
             Began as a Minotaur Fighter on Apr 16, 2020.
             Was an Initiate of Makhleb.
             Slain by a two-headed ogre
             ... wielding a +0 giant spiked club
              (25 damage)
             ... on level 8 of the Dungeon.
             The game lasted 00:02:45 (5360 turns).

Flugslaktarn the Cleaver (Minotaur Fighter)         Turns: 5360, Time: 00:02:46

Health: -5/79      AC: 13    Str: 25    XL:     9   Next: 26%
Magic:  8/8        EV:  7    Int:  5    God:    Makhleb [......]
Gold:   120        SH: 11    Dex:  9    Spells: 8/8 levels left

rFire    . . .     SeeInvis .   a - +0 war axe
rCold    . . .     Gourm    .   c - +0 kite shield
rNeg     + . .     Faith    .   y - +1 chain mail "Geixze" {rN+ Slay+2}
rPois    .         Spirit   .   (helmet restricted)
rElec    .         Reflect  .   A - +0 cloak
rCorr    .         Harm     .   (no gloves)
MR       .....                  (no boots)
Stlth    ..........             (no amulet)
HPRegen  0.23/turn              (no ring)
MPRegen  0.11/turn              (no ring)

@: no status effects
A: retaliatory headbutt, horns 2
a: Renounce Religion


You were on level 8 of the Dungeon.
You worshipped Makhleb.
Makhleb was noncommittal.
You were not hungry.

You visited 2 branches of the dungeon, and saw 9 of its levels.

You collected 338 gold pieces.
You spent 218 gold pieces at shops.

Inventory:

Hand Weapons
 a - a +0 war axe (weapon)
 b - a +2 hand axe of flaming
   (You took it off an orc on level 5 of the Dungeon)
Armour
 c - a +0 kite shield (worn)
 s - a +0 scale mail
 y - the +1 chain mail "Geixze" (worn) {rN+ Slay+2}
   (You bought it in a shop on level 6 of the Dungeon)

   It affects your accuracy and damage with ranged weapons and melee attacks
   (+2).
   It protects you from negative energy.
 A - a +0 cloak (worn)
   (You found it on level 7 of the Dungeon)
Jewellery
 t - a +3 ring of strength {unknown}
   (You found it on level 5 of the Dungeon)
 G - an uncursed amulet of faith {unknown}
   (You found it on level 6 of the Dungeon)
Wands
 g - a wand of enslavement (11)
   (You found it on level 5 of the Dungeon)
 v - a wand of digging (5)
   (You found it on level 8 of the Dungeon)
Scrolls
 h - 5 scrolls of teleportation {unknown}
 i - 2 scrolls of remove curse {unknown}
 j - 2 scrolls of fear {unknown}
 l - 3 scrolls of noise {unknown}
 n - 3 scrolls of identify {unknown}
 o - a scroll of enchant armour {unknown}
 x - a scroll of blinking {unknown}
 z - a scroll of enchant weapon {unknown}
 C - a scroll of immolation {unknown}
 D - a scroll of random uselessness {unknown}
Potions
 d - 2 potions of might
 f - 7 potions of curing {unknown}
 k - 4 potions of haste {unknown}
 m - a potion of invisibility {unknown}
 p - a potion of lignification {unknown}
 q - 2 potions of flight {unknown}
 r - 2 potions of ambrosia {unknown}
 u - a potion of cancellation {unknown}
 w - a potion of heal wounds
 B - a potion of resistance {unknown}
 E - a potion of mutation {unknown}
Comestibles
 e - 9 rations
 F - 4 chunks of flesh


   Skills:
 + Level 7.6 Fighting
 * Level 9.7 Axes
 + Level 7.7 Armour
 + Level 7.6 Shields
 + Level 0.2 Invocations


You had 8 spell levels left.
You didn't know any spells.
Your spell library was empty.

Dungeon Overview and Level Annotations

Branches:
Dungeon (8/15)             Temple (1/1) D:7
   Lair: D:8-11

Altars:
Cheibriados
Elyvilon
Gozag
Hepliaklqana
Kikubaaqudgha
Makhleb
Nemelex Xobeh
Qazlal
Ru
Trog
Vehumet
Wu Jian
Xom
Yredelemnul
Zin

Shops:
D:6 *


Innate Abilities, Weirdness & Mutations

You reflexively headbutt those who attack you in melee.
You have a pair of horns on your head.


Message History

You are too injured to fight recklessly!
You are too injured to fight recklessly!
You are too injured to fight recklessly!
You are too injured to fight recklessly!
You are too injured to fight recklessly!
You are too injured to fight recklessly!
You are too injured to fight recklessly!
You are too injured to fight recklessly!
You are too injured to fight recklessly!
You are too injured to fight recklessly!
You are too injured to fight recklessly!
You are too injured to fight recklessly!
You hit the two-headed ogre.
The two-headed ogre is severely wounded.
You hit the two-headed ogre but do no damage.
Your headbutt misses the two-headed ogre.
The two-headed ogre is severely wounded.
You block the two-headed ogre's attack.
The two-headed ogre hits you with a +0 giant spiked club!!
You die...

#..#...##.##..#.......#
......#.........._....
.....#......#.......#
....#......#....)..#
#...##.....##.....##
#...#####'.####.####
..##..†##..............
##########..##...##.....(.#....##
.'..............@.........#......
##.##.##....##..O##.......##.....
##.##.##....##...##.......##.....
.............#.............#.....
.............#.............#.....
.............#.............#.....
..####'#########.##.##....##...##
#####..##...####+##+##....##...#
..#..................#.........#


You could see a two-headed ogre.

Vanquished Creatures
  A hippogriff (D:7)
  A spriggan (D:7)
  2 orc warriors
  A sky beast (D:6)
  2 black bears (D:7)
  2 ice beasts (D:5)
  3 ogres
  2 centaurs
  A wyvern skeleton (D:7)
  2 scorpions
  3 killer bees (D:7)
  3 howler monkeys
  3 crimson imps
  2 orc priests
  7 orc wizards
  An iguana (D:8)
  4 worker ants
  A howler monkey zombie (D:7)
  A worker ant zombie (D:5)
  A howler monkey skeleton (D:7)
  3 adders
  3 shadow imps
  2 oozes
  4 dart slugs
  11 leopard geckos
  26 orcs
  7 giant cockroaches
  5 hobgoblins
  5 jackals
  4 kobolds
  3 quokkas (D:7)
  8 bats
  3 frilled lizards
  5 goblins
132 creatures vanquished.

Notes
Turn   | Place    | Note
-------+----------+-------------------------------------------
     0 | D:1      | Flugslaktarn the Minotaur Fighter began the quest for the
                  | Orb.
     0 | D:1      | Reached XP level 1. HP: 19/19 MP: 0/0
    64 | D:1      | Reached XP level 2. HP: 20/27 MP: 1/1
   232 | D:1      | Reached skill level 3 in Axes
   353 | D:2      | Reached XP level 3. HP: 28/33 MP: 2/2
   620 | D:3      | Found a sacrificial altar of Ru.
   634 | D:3      | Reached XP level 4. HP: 29/40 MP: 3/3
   882 | D:4      | Reached skill level 4 in Axes
  1330 | D:4      | Reached XP level 5. HP: 47/47 MP: 4/4
  1448 | D:5      | Entered Level 5 of the Dungeon
  1513 | D:5      | Noticed an ice beast
  1526 | D:5      | Killed an ice beast
  1526 | D:5      | Reached skill level 5 in Axes
  1620 | D:5      | Noticed an ogre
  1626 | D:5      | Killed an ogre
  1626 | D:5      | Reached skill level 5 in Fighting
  1626 | D:5      | Reached skill level 5 in Armour
  1626 | D:5      | Reached XP level 6. HP: 42/56 MP: 5/5
  1774 | D:5      | Reached skill level 5 in Shields
  2070 | D:5      | Reached skill level 6 in Axes
  2070 | D:5      | Reached XP level 7. HP: 26/61 MP: 6/6
  2769 | D:6      | Found a glowing silver altar of Zin.
  2771 | D:6      | Found an ancient bone altar of Kikubaaqudgha.
  2771 | D:6      | Found a radiant altar of Vehumet.
  2779 | D:6      | Found a white marble altar of Elyvilon.
  2784 | D:6      | Found a basalt altar of Yredelemnul.
  2809 | D:6      | Reached skill level 7 in Axes
  2842 | D:6      | Reached XP level 8. HP: 49/70 MP: 7/7
  3318 | D:6      | Found Ticsiuve's Assorted Antiques.
  3323 | D:6      | Bought a twisted chain mail for 218 gold pieces
  3333 | D:6      | Identified the +1 chain mail "Geixze" {rN+ Slay+2} (You
                  | bought it in a shop on level 6 of the Dungeon)
  3406 | D:6      | Reached skill level 8 in Axes
  4144 | D:7      | Reached skill level 9 in Axes
  4224 | D:7      | Noticed a hippogriff
  4230 | D:7      | Killed a hippogriff
  4230 | D:7      | Reached XP level 9. HP: 75/79 MP: 8/8
  4378 | D:7      | Found a staircase to the Ecumenical Temple.
  4420 | Temple   | Entered the Ecumenical Temple
  5072 | D:8      | Found a burning altar of Makhleb.
  5094 | D:8      | Became a worshipper of Makhleb the Destroyer
  5277 | D:8      | Found a snail-covered altar of Cheibriados.
  5349 | D:8      | Noticed a two-headed ogre
  5360 | D:8      | Slain by a two-headed ogre

Levels and vault maps discovered:
D:1:      psy_arrival_conway, layout_loops_ring, chequers_arboretum,
          kennysheep_another_room
D:2:      layout_basic, lemuel_coloured_pillars_altar,
          chequers_hall_statues_corner_a
D:3:      layout_rooms, nicolae_ru_awakened_eye,
          chequers_ecumenical_altar_grove, chequers_serial_rivers_micro_c
D:4:      layout_rooms, first_ration, nrook_uturn, roderic_lattice_a
D:5:      layout_gridville
D:6:      layout_gridville, grunt_temple_overflow_open, serial_shops,
          kennysheep_little_box
D:7:      layout_loops_corners, minmay_temple_entry_glassed_door, st_stairs_9,
          minmay_tree_intersection, the_bakery, minivault_11
D:8:      layout_gridville, old_standard_altar, bloody_makhleb, tgw_sif,
          eino_curves_01
Temple:   nicolae_temple_hex_pool

Skill      XL: |  1  2  3  4  5  6  7  8 |
---------------+-------------------------+-----
Axes           | 3 4 5 6 7 9 |  9.7
Fighting       | 4 5 6 7 |  7.6
Shields        | 4 5 6 7 |  7.6
Armour         | 4 5 6 7 |  7.7
Invocations    | |  0.2

Action                   |  1- 3 |  4- 6 |  7- 9 || total
-------------------------+-------+-------+-------++-------
Melee: War axe           |    75 |    65 |   103 ||   243
       Headbutt          |     5 |    18 |    40 ||    63
       Hand axe          |       |     7 |    99 ||   106
  Eat: Chunk             |       |     4 |    10 ||    14
Armor: Scale mail        |    18 |       |       ||    18
       Chain mail        |    23 |    36 |    86 ||   145
Dodge: Dodged            |    24 |    18 |    36 ||    78
Block: Kite shield       |    41 |    39 |   101 ||   181

Table legend:
 A = Non-vault XP
 B = Vault XP
 C = Vault XP percentage of total XP
 D = Non-vault monster count
 E = Vault monster count
 F = Vault count percentage of total count
                 A         B        C        D         E       F
            +---------+---------+-------+---------+---------+-------
      Total |    3174 |     343 |   9.8 |     130 |       2 |   1.5
            +---------+---------+-------+---------+---------+-------
        D:1 |      19 |       0 |   0.0 |      12 |       0 |   0.0
        D:2 |      31 |       0 |   0.0 |      12 |       0 |   0.0
        D:3 |      54 |       0 |   0.0 |      16 |       0 |   0.0
        D:4 |      95 |       0 |   0.0 |       9 |       0 |   0.0
        D:5 |     976 |       0 |   0.0 |      30 |       0 |   0.0
        D:6 |     683 |       0 |   0.0 |      22 |       0 |   0.0
        D:7 |    1030 |     343 |  25.0 |      20 |       2 |   9.1
        D:8 |     286 |       0 |   0.0 |       9 |       0 |   0.0
            +---------+---------+-------+---------+---------+-------
